 Dungeon Crawl Stone Soup version 0.20.0-15-g7f486f2 (webtiles) character file.

270 dricus the Chopper (level 6, -10/56 HPs)
             Began as a Hill Orc Fighter on June 12, 2017.
             Was an Initiate of Trog.
             Killed by divine providence
             ... invoked by an orc priest
              (12 damage)
             ... on level 3 of the Dungeon.
             The game lasted 00:04:31 (2506 turns).

dricus the Chopper (Hill Orc Fighter)               Turns: 2506, Time: 00:04:31

Health: -10/56     AC: 10    Str: 19    XL:     6   Next: 22%
Magic:  6/6        EV:  7    Int:  8    God:    Trog [......]
Gold:   159        SH:  4    Dex: 12    Spells: 5/5 levels left

rFire    . . .     SeeInvis .   a - +0 war axe
rCold    . . .     Gourm    .   n - +0 buckler
rNeg     . . .     Faith    .   h - +0 chain mail
rPois    .         Spirit   .   (no helmet)
rElec    .         Reflect  .   (no cloak)
rCorr    .         Harm     .   (no gloves)
MR       .....                  c - +0 pair of boots (curse)
Stlth    ..........             (no amulet)
Regen    0.2/turn               (no ring)
MPRegen  0.1/turn               (no ring)

@: no status effects
A: no striking features
a: Burn Spellbooks, Renounce Religion, Convert to Beogh


You were on level 3 of the Dungeon.
You worshipped Trog.
Trog was noncommittal.
You were not hungry.

You visited 1 branch of the dungeon, and saw 3 of its levels.

You collected 159 gold pieces.

Inventory:

Hand Weapons
 a - a +0 war axe (weapon)
 b - a +0 hunting sling
Missiles
 i - 41 sling bullets
 w - 30 stones (quivered)
Armour
 c - a cursed +0 pair of boots (worn)
 h - a +0 chain mail (worn)
 n - a +0 buckler (worn)
Wands
 s - a wand of acid (8/15)
Scrolls
 e - a scroll of enchant armour {unknown}
 g - 2 scrolls of amnesia {unknown}
 l - a scroll of remove curse {unknown}
 u - 2 scrolls of teleportation {unknown}
 v - a scroll of enchant weapon {unknown}
Potions
 j - a potion of curing {@q9}
 k - a potion of cancellation
 m - a potion of flight
 o - a potion of invisibility {unknown}
 q - a potion of heal wounds {unknown}
 r - a potion of resistance {unknown}
 t - a potion of berserk rage {unknown}
Comestibles
 d - 5 chunks of flesh
 f - 5 bread rations
 p - 5 royal jellies


   Skills:
 + Level 5.5 Fighting
 * Level 7.0 Axes
 - Level 3.2 Armour
 - Level 3.2 Shields


You had 5 spell levels left.
You didn't know any spells.

Dungeon Overview and Level Annotations

Branches:
Dungeon (3/15)

Altars:
Ashenzari
Elyvilon
Qazlal
Trog
Vehumet


Message History

Unknown command.
Unknown command.
Okay, then.
Your chain mail prevents you from hitting the orc warrior.
The orc warrior is heavily wounded.
The orc warrior hits you with a halberd!
* * * LOW HITPOINT WARNING * * *
You hit the orc warrior but do no damage.
The orc warrior is heavily wounded.
The orc warrior barely misses you.
You closely miss the orc warrior.
The orc warrior is heavily wounded.
The orc priest miscasts a cantrip.
You block the orc warrior's attack.
The orc warrior hits you from afar with a halberd!
* * * LOW HITPOINT WARNING * * *
The orc priest casts a cantrip, but nothing happens.
The orc priest mumbles some strange prayers to Beogh against you.
Beogh smites you!
You die...

#....#
#.##.##
###...###
#E#...#E#
####...####
#.........#
#...._....#
#.........#
####.@.####
#E#...#E#
###.o.###
##)## #o#
#.# #o# #.#
#.#


You could see an earth elemental, a water elemental, a fire elemental, an air
elemental, an orc warrior, an orc priest and an orc.

Vanquished Creatures
  The ghost of maniacrov the Covered, an amateur MiFi (D:3)
  An orc wizard (D:3)
  3 gnolls (D:3)
  4 adders (D:2)
  2 oozes
  3 worms (D:3)
  2 dart slugs
  4 leopard geckos
  2 ball pythons
  4 bats
  6 giant cockroaches
  8 goblins
  8 hobgoblins
  5 quokkas
  A frilled lizard (D:2)
  4 kobolds (D:2)
  A leopard gecko skeleton (D:3)
  6 rats
65 creatures vanquished.

Notes
Turn   | Place    | Note
-------+----------+-------------------------------------------
     0 | D:1      | dricus the Hill Orc Fighter began the quest for the Orb.
     0 | D:1      | Reached XP level 1. HP: 19/19 MP: 1/1
   113 | D:1      | Reached skill level 3 in Axes
   184 | D:1      | Reached XP level 2. HP: 23/27 MP: 2/2
   698 | D:1      | Reached XP level 3. HP: 33/33 MP: 3/3
   873 | D:2      | Reached skill level 4 in Axes
  1082 | D:2      | Found a shattered altar of Ashenzari.
  1298 | D:2      | Reached XP level 4. HP: 39/41 MP: 4/4
  1380 | D:2      | Reached skill level 5 in Axes
  1631 | D:2      | Found a radiant altar of Vehumet.
  2100 | D:3      | Noticed maniacrov's ghost (amateur MiFi)
  2107 | D:3      | Killed maniacrov's ghost
  2107 | D:3      | Reached skill level 5 in Fighting
  2107 | D:3      | Reached skill level 6 in Axes
  2107 | D:3      | Reached XP level 5. HP: 40/48 MP: 5/5
  2217 | D:3      | Found a bloodstained altar of Trog.
  2235 | D:3      | Became a worshipper of Trog the Wrathful
  2282 | D:3      | Reached XP level 6. HP: 56/56 MP: 6/6
  2424 | D:3      | Found a white marble altar of Elyvilon.
  2482 | D:3      | Noticed a water elemental
  2484 | D:3      | Found a stormy altar of Qazlal.
  2485 | D:3      | Noticed a fire elemental
  2486 | D:3      | Noticed an air elemental
  2492 | D:3      | Noticed an orc warrior
  2497 | D:3      | Reached skill level 7 in Axes
  2504 | D:3      | HP: 2/56 [orc warrior/halberd (10)]
  2506 | D:3      | Killed from afar by an orc priest

Skill      XL: |  1  2  3  4  5  6 |
---------------+-------------------+-----
Axes           | 3 4 6 7 |  7.0
Fighting       | 4 5 |  5.5
Armour         | |  3.2
Shields        | |  3.2

Action                   |  1- 3 |  4- 6 || total
-------------------------+-------+-------++-------
Melee: War axe           |    76 |   113 ||   189
Invok: Burn Spellbooks   |       |     1 ||     1
  Use: Scroll            |     3 |       ||     3
       Potion            |       |     1 ||     1
  Eat: Chunk             |     1 |     4 ||     5
Armor: Chain mail        |    51 |    40 ||    91
Dodge: Dodged            |    21 |    33 ||    54
Block: Shield            |     1 |       ||     1
       Buckler           |     4 |    19 ||    23
